AoeStats
← TheQuietRiot

Migration

506737904Analyzed
1v1 RM · 18d ago on Sep 14, 2026· 19m 52s· 2 players
Game mode
Random Map
Map size
132×132
Population
200
Speed
Normal
Resources
Standard
Victory
Conquest
Starting age
Dark Age
Ending age
Imperial Age
RankedLock teamsTeams togetherTeam positionsShared explorationLock speedFull tech treeHidden civsTurbo modeCheats
Victory
Defeat
🇲🇽 Spanish · Mexico
963
+16
🇬🇧 Teutons · United Kingdom
970
-16
ELREYhorus
5:27 Loom
10:54 Feudal Age
19:09 Castle Age
TheQuietRiot
11:43 Feudal Age
10:01 Loom
12:12 Double-Bit Axe
12:29 Gold Mining
13:43 Loom
17:01 Horse Collar
20:54 Wheelbarrow
Connection lost

Rejoining the realm…

Still unreachable

The connection could not be restored.

Session expired

The server has moved on; the page needs a fresh start.